 Dungeon Crawl Stone Soup version 0.31-a0-325-g067879e3d3 (webtiles) character file.

Game seed: 16523054073561332511

7 IdlyInterested the Cudgeller (level 1, -2/17 HPs)
             Began as a Demonspawn Gladiator on July 18, 2023.
             Slain by a hobgoblin (3 damage)
             ... on level 1 of the Dungeon.
             The game lasted 00:00:44 (45 turns).

IdlyInterested the Cudgeller (Demonspawn Gladiator)   Turns: 45, Time: 00:00:45

Health: -2/17      AC:  4    Str: 14    XL:     1   Next: 83%
Magic:  1/1        EV: 12    Int:  9    God:
Gold:   0          SH:  0    Dex: 14    Spells: 0/0 levels left

rFire   . . .        a - +0 flail
rCold   . . .        (no shield)
rNeg    . . .        b - +0 leather armour
rPois   .            c - +0 helmet
rElec   .            (no cloak)
rCorr   .            (no gloves)
SInv    .            (no boots)
Will    .....        f - amulet of the acrobat
Stlth   +            (no ring)
HPRegen 0.22/turn    (no ring)
MPRegen 0.07/turn

%: acrobat
@: no status effects
A: no striking features
a: no special abilities


You were on level 1 of the Dungeon.
You visited 1 branch of the dungeon, and saw 1 of its levels.

Inventory:

Hand Weapons
 a - a +0 flail (weapon)
Missiles
 d - 3 throwing nets (quivered)
 e - a javelin
Armour
 b - a +0 leather armour (worn)
 c - a +0 helmet (worn)
Jewellery
 f - an amulet of the acrobat (around neck)


   Skills:
 * Level 2.3 Fighting
 + Level 2.8 Maces & Flails
 - Level 1.7 Throwing
 - Level 2.6 Dodging
 + Level 0.5 Evocations


You couldn't memorise any spells.
You didn't know any spells.
Your spell library was empty.

Dungeon Overview and Level Annotations

Branches:
Dungeon (1/15)

Altars:


Message History

The dart slug is moderately wounded.
A hobgoblin comes into view.
The dart slug bites you but does no damage.
The hobgoblin shouts!
You hit the dart slug but do no damage.
The dart slug is moderately wounded.
You hear a shout!
The hobgoblin completely misses you.
The dart slug bites you but does no damage.
You hit the dart slug.
The dart slug is severely wounded.
A goblin comes into view. It is wielding a +0 club.
The hobgoblin closely misses you. The hobgoblin barely misses you.
The dart slug bites you but does no damage.
You thump the dart slug!
You kill the dart slug!
The hobgoblin hits you.
You sock the hobgoblin!
You kill the hobgoblin!
The kobold hits you with a +0 short sword.
The hobgoblin hits you.
You hit the kobold.
The kobold is moderately wounded.
The kobold hits you with a +0 short sword.
The hobgoblin hits you.
The kobold hits you with a +0 short sword.
* * * LOW HITPOINT WARNING * * *
The hobgoblin closely misses you.
You barely miss the kobold.
The kobold is moderately wounded.
The kobold closely misses you.
You hit the kobold.
You kill the kobold!
The hobgoblin closely misses you.
You hit the hobgoblin.
The hobgoblin is heavily wounded.
The goblin hits you with a +0 club.
* * * LOW HITPOINT WARNING * * *
The hobgoblin hits you.
You die...

.#.###.##.........
#.#.#.###..........#
.<.#.## #..........+
.
#.#.#.###....#.##..#
..
.#.###.##....#.....
... #.##
##...........# ....
.#
####........#.?... #
#...###.†......
#.....g@†......
###......g##...>.
...........# ...
##.#.......# .
..............
..#....####!..#.#
..#...[. '...#
...... #...# .##.#.
....


You could see a hobgoblin and a goblin.

Vanquished Creatures
  A dart slug (D:1)
  2 hobgoblins (D:1)
  A kobold (D:1)
4 creatures vanquished.

Notes
Turn   | Place    | Note
-------+----------+-------------------------------------------
     0 | D:1      | IdlyInterested the Demonspawn Gladiator began the quest for
                  | the Orb.
     0 | D:1      | Reached XP level 1. HP: 16/16 MP: 1/1
    45 | D:1      | Slain by a hobgoblin

Illustrated notes

Levels and vault maps discovered:
D:1:      minmay_arrival_diagonal_passages, layout_basic

Action                     || total
---------------------------++-------
  Melee: Flail             ||    10
 Armour: Leather armour    ||     4
  Dodge: Dodged            ||     6

Table legend: (Time is in decaauts)
 A = Elapsed time spent in this place.
 B = Non-inter-level travel time spent in this place.
 C = Inter-level travel time spent in this place.
 D = Time resting spent in this place.
 E = Time spent auto-exploring this place.
 F = Levels seen in this place.
 G = Mean time per level.
                   A        B        C        D        E       F      G
               +--------+--------+--------+--------+--------+-----+--------+
         Total |     47 |     47 |      0 |      0 |     21 |   1 |   47.0 |
       Dungeon |     47 |     47 |      0 |      0 |     21 |   1 |   47.0 |
               +--------+--------+--------+--------+--------+-----+--------+

Top non-repeatable levels by time:
     D:1: 47 daAuts
